 Dungeon Crawl Stone Soup version 0.23.1-41-g7e51ed32d8 (webtiles) character file.

Game seed: 12739089292095141544

17742 Gargoyl the Cleaver (level 12, -13/97 HPs)
             Began as a Centaur Abyssal Knight on Mar 30, 2019.
             Was the Champion of Lugonu.
             Mangled by a freezing wraith (22 damage)
             ... led by a death knight
             ... on level 11 of the Dungeon.
             The game lasted 00:21:47 (12934 turns).

Gargoyl the Cleaver (Centaur Abyssal Knight)       Turns: 12934, Time: 00:21:48

Health: -13/97     AC: 35    Str: 21    XL:     12   Next: 21%
Magic:  18/18      EV:  4    Int: 11    God:    Lugonu [******]
Gold:   564        SH:  0    Dex: 14    Spells: 11/11 levels left

rFire    . . .     SeeInvis .   G - +6 executioner's axe of Vanity {speed, rElec rPois Dex+3 Stlth+}
rCold    . . .     Gourm    .   (shield currently unavailable)
rNeg     . . .     Faith    .   d - +12 plate armour of the Monk {+Fly Slay+2}
rPois    +         Spirit   .   E - +2 hat
rElec    +         Reflect  .   e - +1 cloak
rCorr    .         Harm     .   u - +0 pair of gloves
MR       ++...     Clarity  +   H - +1 centaur barding {Stlth+}
Stlth    ..........             (no amulet)
HPRegen  0.26/turn              v - ring "Pefesy Ulad" {+Fly MR++}
MPRegen  0.16/turn              y - +3 ring of strength

@: studying 2 skills, heavily drained, very quick
A: large, hooves 3, clarity, deformed body, speed 2, tough skin 3, wild magic 1
a: Depart the Abyss, Bend Space, Banish, Corrupt, Enter the Abyss, Brand Weapon
With Distortion, Renounce Religion, Evoke Flight


You were on level 11 of the Dungeon.
You worshipped Lugonu.
Lugonu was exalted by your worship.
You were not hungry.

You visited 1 branch of the dungeon, and saw 11 of its levels.
You visited the Abyss 2 times.
You also visited: Sewer and Bailey.

You collected 564 gold pieces.

Inventory:

Hand Weapons
 a - a +1 hand axe
 q - a +1 war axe
 C - the +9 scimitar of the Middle {venom, rN+ Int-2 Dex+2}
   (You found it on level 7 of the Dungeon)

   It poisons the flesh of those it strikes.
   It affects your intelligence (-2).
   It affects your dexterity (+2).
   It protects you from negative energy.
 G - the +6 executioner's axe of Vanity (weapon) {speed, rElec rPois Dex+3 Stlth+}
   (You took it off an orc warrior in a bailey)

   Attacks with this weapon are significantly faster.
   It affects your dexterity (+3).
   It insulates you from electricity.
   It protects you from poison.
   It makes you more stealthy.
Missiles
 b - 15 javelins (quivered)
Armour
 d - the +12 plate armour of the Monk (worn) {+Fly Slay+2}
   (You found it on level 2 of the Abyss)

   It affects your accuracy and damage with ranged weapons and melee attacks
   (+2).
   It lets you fly.
 e - a +1 cloak (worn)
 f - a +0 helmet
 u - a +0 pair of gloves (worn)
 E - a +2 hat (worn)
 H - a +1 centaur barding of stealth (worn)
Jewellery
 v - the ring "Pefesy Ulad" (left hand) {+Fly MR++}
   (You took it off a gnoll on level 6 of the Dungeon)

   [ring of flight]

   It affects your resistance to hostile enchantments.
   It lets you fly.
 y - a +3 ring of strength (right hand)
 K - an uncursed ring of protection from fire
 M - an uncursed ring of flight
Wands
 i - a wand of paralysis (13)
 l - a wand of digging (10)
 x - a wand of acid (3)
 L - a wand of scattershot (2)
Scrolls
 k - 2 scrolls of identify
 o - 5 scrolls of remove curse
 r - a scroll of magic mapping
 s - 2 scrolls of teleportation
 D - 2 scrolls of fog
Potions
 g - 4 potions of agility
 h - 5 potions of brilliance
 n - 10 potions of curing
 p - 5 potions of flight
 t - a potion of might
 A - a potion of mutation
 B - a potion of heal wounds
 F - 2 potions of resistance
 J - 2 potions of haste
Books
 z - a manual of Long Blades
 I - a manual of Armour
Comestibles
 c - 23 rations


   Skills:
 + Level 6.9(5.4) Fighting
 + Level 8.3(6.8) Long Blades
 + Level 9.2(7.9) Axes
   Level 3.6(5.5) Maces & Flails
 + Level 0.9(0.0) Throwing
 * Level 8.5(6.9) Armour
 * Level 6.1(4.7) Dodging
 * Level 8.6(7.1) Invocations
 + Level 0.9(0.0) Evocations


You had 11 spell levels left.
You didn't know any spells.
Your spell library contained the following spells:

 Spells                   Type           Power        Failure   Level  Hunger
 Magic Dart               Conj           #...         100%        1    ##.....
 Sandblast                Erth           #.....       100%        1    ##.....
 Blink                    Tloc           N/A          100%        2    ###....
 Call Imp                 Summ           #.......     100%        2    ###....
 Passwall                 Tmut/Erth      #.......     100%        2    ###....
 Searing Ray              Conj           #.....       100%        2    ###....
 Slow                     Hex            #.......     100%        2    ###....
 Conjure Flame            Conj/Fire      #.......     100%        3    ####...
 Dazzling Spray           Conj/Hex       #.....       100%        3    ####...
 Mephitic Cloud           Conj/Pois/Air  #.......     100%        3    ####...
 Stone Arrow              Conj/Erth      #.....       100%        3    ####...
 Force Lance              Conj/Tloc      #.......     100%        4    #####..
 Fulminant Prism          Conj/Hex       #.........   100%        4    #####..
 Iskenderun's Mystic Bla  Conj           #.......     100%        4    #####..
 Petrify                  Tmut/Erth      #.......     100%        4    #####..
 Lee's Rapid Deconstruct  Erth           #.........   100%        5    ######.


Dungeon Overview and Level Annotations

Branches:
Dungeon (11/15)            Temple (0/1) D:6             Orc (0/2) D:10
   Lair: D:8-11

Altars:
Fedhas
Hepliaklqana
Kikubaaqudgha
Makhleb
Qazlal
Sif Muna
Uskayaw
Yredelemnul

Annotations:
D:11 Fannar


Innate Abilities, Weirdness & Mutations

You have hooves in place of feet.
Armour fits poorly on your strangely shaped body.
You cover ground very quickly.
You have extremely tough skin. (AC +3)
You possess an exceptional clarity of mind.
Your spells are a little harder to cast, but a little more powerful.


Message History

Fannar barely misses you.
Unknown command.
You hit Fannar but do no damage. Your kick misses Fannar.
Fannar is severely wounded.
You slash the freezing wraith! The freezing wraith hits you.
The freezing wraith freezes you!
* * * LOW HITPOINT WARNING * * *
The freezing wraith barely misses you.
Unknown command.
You miss Fannar.
Fannar is severely wounded.
You hit the freezing wraith but do no damage.
Fannar mumbles some strange words.
Fannar drains the heat from the surrounding environment!
You feel very cold.
* * * LOW HITPOINT WARNING * * *
Fannar is frozen.
Fannar resists.
The freezing wraith hits you.
* * * LOW HITPOINT WARNING * * *
The freezing wraith freezes you!!
You die...

#### ..########## #
#.##WW@e[..#
#p###.##W#####.#
#.ยง....Y.# #.#
......e.....######<#
...######>#.......>#
. ##.########.######
#..# #......# #.##
#.####.# #.#
#.####.##


You could see Fannar, 3 freezing wraiths and an ice beast.

Vanquished Creatures
  Gastronok (D:8)
  A death knight (D:11)
  Nergalle (D:10)
  2 unseen horrors (D:10)
  5 skeletal warriors (D:9)
  The ghost of P0WERM0DE the Chopper, a novice DDFi of Makhleb (D:8)
  A phantasmal warrior (D:11)
  An orc knight (Bailey)
  The ghost of drd the Slasher, a novice DsBe of Trog (D:6)
  Maurice (D:10)
  A troll (D:10)
  2 hippogriffs
  A small abomination (Abyss:1)
  6 yaks (D:10)
  4 hogs (D:7)
  A human (D:7)
  Menkaure (D:5)
  A water moccasin (D:6)
  17 orc warriors
  A black bear (D:10)
  A sky beast (D:7)
  2 ice beasts (D:5)
  5 ogres
  A phantom (D:6)
  A hornet zombie (D:7)
  3 centaurs
  12 big kobolds
  8 bullfrogs
  2 gnoll sergeants (D:6)
  A scorpion (D:9)
  2 howler monkeys
  4 crimson imps
  A centaur zombie (D:6)
  8 hounds
  A quasit (D:9)
  4 bullfrog skeletons
  3 bullfrog zombies
  Crazy Yiuf (D:5)
  6 jellies
  7 orc wizards
  5 orc priests
  4 centaur skeletons
  A gnoll shaman (D:6)
  3 iguanas
  6 worker ants
  A hound zombie (D:8)
  2 hound skeletons (D:4)
  A worker ant zombie (D:7)
  Robin (D:2)
  10 gnolls
  A howler monkey skeleton (D:9)
  10 adders
  8 river rats (Sewer)
  A shadow imp (D:5)
  2 oozes
  2 adder skeletons
  2 adder zombies
  2 worms
  4 dart slugs
  7 leopard geckos
  66 orcs
  5 ball pythons
  7 bats
  8 giant cockroaches
  17 goblins
  8 hobgoblins
  9 jackals
  5 quokkas
  12 frilled lizards
  A jackal zombie (D:6)
  27 kobolds
  A quokka zombie (D:7)
  23 rats
  A fungus (D:5)
386 creatures vanquished.

Vanquished Creatures (collateral kills)
  A hound (D:9)
1 creature vanquished.

Vanquished Creatures (others)
  4 plants (D:6)
4 creatures vanquished.

Grand Total: 391 creatures vanquished

Notes
Turn   | Place    | Note
-------+----------+-------------------------------------------
     0 | Abyss:1  | Gargoyl the Centaur Abyssal Knight began the quest for the
                  | Orb.
     0 | Abyss:1  | Reached XP level 1. HP: 19/19 MP: 2/2
    36 | Abyss:1  | Found a corrupted altar of Lugonu.
    62 | Abyss:2  | Got a steaming plate armour
    73 | Abyss:2  | Identified the +12 plate armour of the Monk {+Fly Slay+2}
                  | (You found it on level 2 of the Abyss)
   100 | Abyss:2  | Noticed a raiju
   100 | Abyss:2  | Noticed a raiju
   101 | D:1      | Escaped the Abyss
   125 | D:1      | Reached * piety under Lugonu
   305 | D:1      | Reached XP level 2. HP: 26/26 MP: 3/3
   431 | D:1      | Reached skill level 1 in Dodging
   585 | D:1      | Reached XP level 3. HP: 30/31 MP: 4/4
   592 | D:1      | Reached skill level 2 in Axes
  1100 | D:2      | Reached ** piety under Lugonu
  1103 | D:2      | Noticed Robin
  1113 | D:2      | Killed Robin
  1113 | D:2      | Reached XP level 4. HP: 31/39 MP: 5/5
  1221 | D:2      | Found a basalt altar of Yredelemnul.
  1581 | D:3      | Reached XP level 5. HP: 21/46 MP: 7/7
  1948 | D:3      | Reached skill level 3 in Axes
  1953 | D:3      | You fall through a shaft!
  2140 | D:3      | Reached *** piety under Lugonu
  2459 | D:4      | Reached XP level 6. HP: 50/52 MP: 8/8
  2601 | D:4      | Found a glowing drain.
  2608 | Sewer    | Entered a sewer
  3064 | Sewer    | Reached skill level 4 in Axes
  3145 | Sewer    | Reached **** piety under Lugonu
  3181 | Sewer    | Reached XP level 7. HP: 43/59 MP: 9/9
  4535 | D:5      | Entered Level 5 of the Dungeon
  4642 | D:5      | Reached skill level 5 in Axes
  4752 | D:5      | Reached XP level 8. HP: 62/67 MP: 11/11
  4804 | D:5      | Found a hide-covered altar of Uskayaw.
  5155 | D:5      | Reached ***** piety under Lugonu
  5318 | D:5      | Noticed Menkaure
  5332 | D:5      | Killed Menkaure
  5580 | D:5      | Reached skill level 6 in Axes
  5819 | D:5      | Found a runed translucent door.
  5820 | D:5      | Noticed Crazy Yiuf
  5828 | D:5      | Killed Crazy Yiuf
  5838 | D:5      | Got a jewelled mace
  5839 | D:5      | Identified the +8 mace of Distant Worlds {drain, Str+3}
                  | (You found it on level 5 of the Dungeon)
  6245 | D:6      | Found a hazy altar of Hepliaklqana.
  6301 | D:6      | Noticed drd's ghost (novice DsBe)
  6352 | D:6      | Reached skill level 1 in Maces & Flails
  6352 | D:6      | Reached skill level 5 in Invocations
  6352 | D:6      | Reached XP level 9. HP: 66/72 MP: 12/12
  6379 | D:6      | Found a staircase to the Ecumenical Temple.
  6455 | D:6      | Found a transporter.
  6455 | D:6      | Found a transporter.
  6465 | D:6      | Identified the ring "Pefesy Ulad" {+Fly MR++}
  6620 | Abyss:1  | Noticed a tentacled starspawn
  6627 | D:6      | Escaped the Abyss
  6634 | D:6      | Found a deep blue altar of Sif Muna.
  6993 | D:6      | Reached skill level 5 in Armour
  7299 | D:6      | Killed drd's ghost
  7299 | D:6      | Reached skill level 5 in Fighting
  7619 | D:7      | Got a smoking scimitar
  7620 | D:7      | Identified the +9 scimitar of the Middle {venom, rN+ Int-2
                  | Dex+2} (You found it on level 7 of the Dungeon)
  8106 | D:7      | Reached skill level 1 in Long Blades
  8119 | D:7      | Reached XP level 10. HP: 72/81 MP: 14/14
  8339 | D:8      | Noticed Gastronok
  8369 | D:8      | Killed Gastronok
  8758 | D:8      | Reached skill level 5 in Dodging
  8773 | D:8      | Found a flagged portal.
  8782 | Bailey   | Entered a bailey
  9604 | Bailey   | Identified the +6 executioner's axe of Vanity {speed, rElec
                  | rPois Dex+3 Stlth+}
  9616 | Bailey   | Reached XP level 11. HP: 89/89 MP: 16/16
  9623 | Bailey   | Noticed an orc knight
  9626 | Bailey   | Found a roughly hewn altar of Beogh.
  9644 | Bailey   | Killed an orc knight
 10194 | D:8      | Found a runed translucent gate.
 10194 | D:8      | Found a runed translucent gate.
 10195 | D:8      | Found a runed translucent gate.
 10196 | D:8      | Identified the cursed +3 dagger "Meir" {venom, Str+2}
 10196 | D:8      | Noticed P0WERM0DE's ghost (novice DDFi)
 10531 | D:8      | Killed P0WERM0DE's ghost
 10777 | D:8      | Identified a scroll of acquirement
 10962 | D:9      | Found a blossoming altar of Fedhas.
 11011 | D:9      | Found an ancient bone altar of Kikubaaqudgha.
 11150 | D:9      | Noticed a skeletal warrior
 11179 | D:9      | Killed a skeletal warrior
 11179 | D:9      | Reached skill level 7 in Axes
 11396 | D:9      | Noticed a skeletal warrior
 11397 | D:9      | Noticed a skeletal warrior
 11397 | D:9      | Noticed a skeletal warrior
 11398 | D:9      | Noticed a skeletal warrior
 11408 | D:9      | Killed a skeletal warrior
 11425 | D:9      | Killed a skeletal warrior
 11435 | D:9      | Killed a skeletal warrior
 11446 | D:9      | Killed a skeletal warrior
 11632 | D:9      | Found a stormy altar of Qazlal.
 11764 | D:9      | Reached skill level 8 in Axes
 12283 | D:10     | Entered Level 10 of the Dungeon
 12298 | D:10     | Noticed Nergalle
 12306 | D:10     | Killed Nergalle
 12316 | D:10     | Noticed Maurice
 12328 | D:10     | Killed Maurice
 12368 | D:10     | Killed an unseen horror
 12445 | D:10     | Found a staircase to the Orcish Mines.
 12496 | D:10     | Reached XP level 12. HP: 93/97 MP: 18/18
 12618 | D:10     | Found a burning altar of Makhleb.
 12828 | D:10     | Gained mutation: Your spells are a little harder to cast,
                  | but a little more powerful. [potion of mutation]
 12828 | D:10     | Gained mutation: You possess an exceptional clarity of
                  | mind. [potion of mutation]
 12852 | D:11     | Reached ****** piety under Lugonu
 12895 | D:11     | Noticed Fannar
 12903 | D:11     | Noticed a death knight
 12911 | D:11     | Reached skill level 9 in Axes
 12931 | D:11     | Killed a death knight
 12934 | D:11     | Mangled by a freezing wraith

Skill      XL: |  1  2  3  4  5  6  7  8  9 10 11 12 |
---------------+-------------------------------------+-----
Dodging        | 1 2 3 4 5 6 |  6.1
Axes           | 2 3 4 5 6 8 9 |  9.2
Armour         | 2 3 4 6 8 |  8.5
Invocations    | 3 4 5 6 7 8 |  8.6
Fighting       | 4 5 6 |  6.9
Maces & Flails | 1 3 |  3.6
Long Blades    | 1 7 8 |  8.3
Throwing       | |  0.9
Evocations     | |  0.9

Action                   |  1- 3 |  4- 6 |  7- 9 | 10-12 || total
-------------------------+-------+-------+-------+-------++-------
Melee: Hand axe          |    77 |   204 |   149 |       ||   430
       Kick              |    14 |    33 |    96 |   137 ||   280
       War axe           |       |       |    74 |       ||    74
       Mace              |       |       |   128 |       ||   128
       Scimitar          |       |       |    34 |   152 ||   186
       Executioner's axe |       |       |       |   260 ||   260
Throw: Javelin           |       |       |     4 |    13 ||    17
Invok: Depart the Abyss  |     1 |       |     1 |       ||     2
       Bend Space        |       |       |     1 |     1 ||     2
       Enter the Abyss   |       |       |     1 |       ||     1
 Abil: Evoke Flight      |       |       |       |     3 ||     3
  Use: Scroll            |     6 |     5 |     6 |    12 ||    29
       Potion            |       |       |     6 |     1 ||     7
  Eat: Chunk             |       |     5 |     8 |    14 ||    27
       Ration            |       |       |     2 |       ||     2
Armor: Plate armour      |   101 |   256 |   397 |   402 ||  1156
Dodge: Dodged            |    15 |    30 |    79 |   122 ||   246
       Rpst.: Scimitar   |       |       |     2 |    18 ||    20
